 Dungeon Crawl Stone Soup version 0.24-a0-139-geb6712d (webtiles) character file.

Game seed: 4700226086095865423

5070 ToeFoeGreatPlayer the Skirmisher (level 10, -3/80 HPs)
             Began as a Mummy Gladiator on Mar 1, 2019.
             Was an Initiate of Gozag.
             Slain by a hippogriff (7 damage)
             ... on level 9 of the Dungeon.
             The game lasted 00:45:01 (11960 turns).

ToeFoeGreatPlayer the Skirmisher (Mummy Gladiator) Turns: 11960, Time: 00:45:02

Health: -3/80      AC:  7    Str: 21    XL:     10   Next: 31%
Magic:  10/10      EV: 15    Int:  8    God:    Gozag
Gold:   1575       SH:  5    Dex: 13    Spells: 9/9 levels left

rFire    . . .     SeeInvis .   a - +0 quarterstaff
rCold    + + .     Gourm    .   (shield currently unavailable)
rNeg     + + +     Faith    .   A - +0 leather armour {rF+}
rPois    ∞         Spirit   .   c - +0 helmet
rElec    .         Reflect  +   h - scarf {cloud immunity}
rCorr    .         Harm     .   x - +0 pair of gloves
MR       +....                  y - +0 pair of boots
Stlth    +.........             E - +5 amulet of reflection
HPRegen  0.23/turn              (no ring)
MPRegen  0.12/turn              m - ring of protection from cold

@: no status effects
A: no food or potions, fire vulnerability, cold resistance 1, negative energy
resistance 3, torment resistance, unbreathing
a: Potion Petition, Call Merchant, Bribe Branch, Renounce Religion


You were on level 9 of the Dungeon.
You worshipped Gozag.
Gozag was most pleased with you.
You were not hungry.

You visited 1 branch of the dungeon, and saw 9 of its levels.
You also visited: Ossuary.

You collected 1817 gold pieces.
You paid 242 gold pieces to Gozag.

Inventory:

Hand Weapons
 a - a +0 quarterstaff (weapon)
 b - a +0 hunting sling
 d - a +0 morningstar
 z - a +1 war axe of chopping
 D - a +0 dire flail
Missiles
 f - 15 tomahawks (quivered)
 k - 71 poisoned needles
 l - 8 sling bullets
 q - 255 stones
Armour
 c - a +0 helmet (worn)
 h - a scarf of cloud immunity (worn)
 x - a +0 pair of gloves (worn)
 y - a +0 pair of boots (worn)
 A - a +0 leather armour of fire resistance (worn)
 C - a +0 plate armour
Jewellery
 m - a ring of protection from cold (right hand)
 E - a +5 amulet of reflection (around neck)
Wands
 p - a wand of digging (6)
 u - a wand of iceblast (4)
Scrolls
 e - 6 scrolls of amnesia
 g - 2 scrolls of fear
 i - 6 scrolls of teleportation
 j - 6 scrolls of magic mapping
 n - 8 scrolls of remove curse
 o - a scroll of brand weapon {unknown}
 r - a scroll of identify
 s - 3 scrolls of enchant armour
 t - 2 scrolls of noise
 v - a scroll of random uselessness
 w - a scroll of enchant weapon
 B - 2 scrolls of fog


   Skills:
 + Level 7.8 Fighting
 * Level 3.5(5.3) Maces & Flails
 - Level 6.1(6.6) Staves
 - Level 1.5 Throwing
 + Level 6.1 Armour
 + Level 6.7 Dodging


You had 9 spell levels left.
You didn't know any spells.
Your spell library contained the following spells:

 Spells                   Type           Power        Failure   Level  Hunger
 Confusing Touch          Hex            #.....       45%         1    N/A
 Corona                   Hex            #......      45%         1    N/A
 Slow                     Hex            #.......     58%         2    N/A
 Confuse                  Hex            #.......     83%         3    N/A
 Gell's Gravitas          Tloc           #.........   83%         3    N/A
 Inner Flame              Hex/Fire       #.......     83%         3    N/A
 Portal Projectile        Hex/Tloc       #.....       83%         3    N/A
 Cause Fear               Hex            #.........   99%         4    N/A
 Leda's Liquefaction      Hex/Erth       #.........   99%         4    N/A
 Petrify                  Tmut/Erth      #.......     99%         4    N/A
 Metabolic Englaciation   Hex/Ice        #.........   100%        5    N/A
 Yara's Violent Unravell  Hex/Tmut       #.........   100%        5    N/A

Dungeon Overview and Level Annotations

Branches:
Dungeon (9/15)             Temple (0/1) D:4
   Lair: D:8-11         Orc: D:9-12

Altars:
Ashenzari
Dithmenos
Gozag
Kikubaaqudgha
Qazlal
Trog
Uskayaw
Wu Jian
Xom
Zin

Shops:
D:9 =

Annotations:
D:8 exclusion: upstairs


Innate Abilities, Weirdness & Mutations

You do not eat or drink.
Your flesh is vulnerable to fire.
You are immune to poison.
Your flesh is cold resistant. (rC+)
You are immune to negative energy. (rN+++)
You are immune to unholy pain and torment.
You can survive without breathing.


Message History

The hippogriff completely misses you.
The hippogriff claws you but does no damage.
You hit the hippogriff. The hippogriff misses you. The hippogriff pecks you.
* * * LOW HITPOINT WARNING * * *
The hippogriff claws you.
* * * LOW HITPOINT WARNING * * *
You sock the hippogriff! The hippogriff bites you!
* * * LOW HITPOINT WARNING * * *
The hippogriff completely misses you. The hippogriff closely misses you.
You closely miss the hippogriff. The hippogriff bites you.
* * * LOW HITPOINT WARNING * * *
The hippogriff pecks you.
* * * LOW HITPOINT WARNING * * *
The hippogriff misses you.
You closely miss the hippogriff. The hippogriff bites you!
* * * LOW HITPOINT WARNING * * *
The hippogriff pecks you but does no damage.
The hippogriff claws you!
You die...
Your body crumbles into a pile of gold.

.......[)..%......#..# #.#.#
#.##.....##...#####..# #.#.#
#.......###...### #..####.#.#
###.#####.......###.........#
...## #......."[..#####.###
#### #.......##### #.# ####
###...### #.# ...#
#..Y###########.# ##.#
##ryYH@......##.### #.#
#F#########.##...# #.# #.#
###.# #.# #y# #.# #.# #.# #.#
##.# #Y# #.# ##.# #r# #.#
...# #F# #.# .### #.# #.#


You could see a hippogriff, 2 yaks, a bullfrog, a porcupine and a killer bee.

Vanquished Creatures
  A troll (D:9)
  3 orc warriors
  A hungry ghost (D:9)
  A steam dragon (D:9)
  2 ice beasts
  6 ogres
  2 sky beasts
  3 phantoms
  2 black bears (D:9)
  5 centaurs
  A big kobold (D:6)
  7 bullfrogs
  A scorpion (D:8)
  A wyvern skeleton (D:8)
  3 killer bees (D:9)
  3 howler monkeys
  2 centaur zombies
  2 bullfrog zombies (Ossuary)
  5 hounds
  2 centaur skeletons
  3 jellies
  3 orc priests
  4 iguanas
  9 orc wizards
  6 worker ants
  2 hound zombies (Ossuary)
  15 mummies (Ossuary)
  A howler monkey zombie (Ossuary)
  Robin (D:4)
  2 worker ant zombies
  2 gnolls (D:4)
  7 adders
  An adder zombie (Ossuary)
  2 oozes (D:3)
  4 adder skeletons
  4 worms
  4 dart slugs
  3 leopard geckos
  48 orcs
  A ball python (D:2)
  4 bats
  3 bat zombies (D:3)
  A giant cockroach (D:2)
  15 goblins
  6 hobgoblins
  6 jackals
  3 quokkas
  2 frilled lizards
  5 kobolds
  A leopard gecko zombie (Ossuary)
  2 quokka zombies (Ossuary)
  7 rats
  2 rat zombies (D:3)
232 creatures vanquished.

Vanquished Creatures (collateral kills)
  A sky beast (D:6)
  An orc priest (D:6)
  A gnoll (D:4)
  An adder zombie (Ossuary)
4 creatures vanquished.

Vanquished Creatures (others)
  2 mummies (Ossuary)
  A worker ant zombie (D:6)
  24 fungi (D:9)
  19 plants (D:9)
  3 withered plants (Ossuary)
49 creatures vanquished.

Grand Total: 285 creatures vanquished

Notes
Turn   | Place    | Note
-------+----------+-------------------------------------------
     0 | D:1      | ToeFoeGreatPlayer the Mummy Gladiator began the quest for
                  | the Orb.
     0 | D:1      | Reached XP level 1. HP: 16/16 MP: 1/1
   292 | D:1      | Reached XP level 2. HP: 22/22 MP: 2/2
   918 | D:2      | Reached XP level 3. HP: 26/28 MP: 3/3
   989 | D:2      | Reached skill level 1 in Armour
  1012 | D:2      | Found an opulent altar of Gozag.
  1040 | D:2      | Became a worshipper of Gozag Ym Sagoz the Greedy
  1120 | D:2      | Found a glowing silver altar of Zin.
  1596 | D:3      | Reached XP level 4. HP: 33/34 MP: 4/4
  2068 | D:3      | Reached skill level 3 in Staves
  2068 | D:3      | Reached skill level 3 in Dodging
  2177 | D:3      | Noticed an ogre
  2190 | D:3      | Killed an ogre
  2190 | D:3      | Reached skill level 3 in Fighting
  2190 | D:3      | Reached XP level 5. HP: 41/41 MP: 5/5
  2313 | D:3      | Reached skill level 2 in Armour
  2320 | D:3      | Found an ancient bone altar of Kikubaaqudgha.
  2543 | D:4      | Found a staircase to the Ecumenical Temple.
  2547 | D:4      | Identified a book of Debilitation
  2620 | D:4      | Noticed a phantom
  2659 | D:4      | Killed a phantom
  2659 | D:4      | Reached XP level 6. HP: 47/47 MP: 6/6
  3179 | D:4      | Reached skill level 4 in Fighting
  3185 | D:4      | HP: 21/48 [iguana (8)]
  3188 | D:4      | HP: 9/48 [iguana (10)]
  3532 | D:4      | Noticed Robin
  3541 | D:4      | Killed Robin
  3546 | D:4      | Reached XP level 7. HP: 47/54 MP: 7/7
  3850 | D:5      | Entered Level 5 of the Dungeon
  3850 | D:5      | Found a hide-covered altar of Uskayaw.
  3850 | D:5      | Noticed a +0 dagger
  3850 | D:5      | Noticed a +0 dagger
  3862 | D:5      | Found an ornate altar of the Wu Jian Council.
  3912 | D:5      | Reached skill level 4 in Staves
  3912 | D:5      | Reached skill level 4 in Dodging
  3965 | D:5      | Reached skill level 3 in Armour
  4335 | D:5      | Found a stormy altar of Qazlal.
  4379 | D:5      | HP: 27/55 [sky beast (6)]
  4389 | D:5      | Found a shadowy altar of Dithmenos.
  4820 | D:6      | Found a sand-covered staircase.
  4825 | Ossuary  | Entered an ossuary
  4930 | Ossuary  | Your ally bog died
  5032 | Ossuary  | Reached skill level 5 in Fighting
  5056 | Ossuary  | Reached XP level 8. HP: 62/62 MP: 8/8
  5428 | Ossuary  | Reached skill level 4 in Armour
  5845 | D:6      | Reached skill level 5 in Staves
  5845 | D:6      | Reached skill level 5 in Dodging
  5942 | D:6      | Reached skill level 6 in Fighting
  6516 | D:7      | Reached XP level 9. HP: 49/69 MP: 9/9
  6635 | D:7      | HP: 34/69 [iguana (3)]
  7201 | D:6      | Reached skill level 5 in Armour
  7458 | D:6      | HP: 34/71 [iguana (12)]
  8333 | D:7      | Found a shattered altar of Ashenzari.
  8335 | D:7      | Found a bloodstained altar of Trog.
  8335 | D:7      | Found a shimmering altar of Xom.
  8374 | D:7      | Noticed a two-headed ogre
  8590 | D:8      | Reached skill level 6 in Staves
  8590 | D:8      | Reached skill level 6 in Dodging
  8702 | D:8      | Reached skill level 7 in Fighting
  9124 | D:8      | HP: 32/72 [bullfrog (6)]
  9133 | D:8      | HP: 27/72 [jackal (1)]
  9337 | D:8      | Reached skill level 1 in Maces & Flails
  9904 | D:9      | Reached skill level 2 in Maces & Flails
  9905 | D:9      | HP: 35/72 [hound (3)]
 10209 | D:9      | HP: 36/72 [killer bee (9)]
 10221 | D:9      | HP: 33/72 [killer bee (6)]
 10225 | D:9      | Reached XP level 10. HP: 33/79 MP: 10/10
 10226 | D:9      | HP: 30/79 [killer bee (4)]
 10235 | D:9      | HP: 16/79 [killer bee (8)]
 10237 | D:9      | HP: 5/79 [centaur/arrow (10)]
 10237 | D:9      | HP: 2/79 [centaur/arrow (3)]
 10242 | D:9      | HP: 7/79 [centaur (3)]
 10875 | D:9      | HP: 39/79 [orc wizard/+0 dagger (4)]
 11141 | D:9      | Identified a book of Misfortune
 11196 | D:9      | Reached skill level 3 in Maces & Flails
 11196 | D:9      | Reached skill level 6 in Armour
 11466 | D:9      | Found Mutuer Zaci's Jewellery Shoppe.
 11951 | D:9      | HP: 38/80 [hippogriff (3)]
 11956 | D:9      | HP: 26/80 [hippogriff (4)]
 11959 | D:9      | HP: 12/80 [hippogriff (2)]
 11960 | D:9      | HP: 4/80 [hippogriff (8)]
 11960 | D:9      | Slain by a hippogriff

Levels and vault maps discovered:
D:1:      mrwooster_arrival_statue, layout_basic
D:2:      minmay_evil_eye, layout_loops_cross, lemuel_doored_altar,
          grunt_gozag_breadcrumbs, item_on_display_a
D:3:      layout_loops_ring, lemuel_zombie_altar_kikubaaqudgha,
          kennysheep_generic_room_7
D:4:      layout_loops_ring, minmay_temple_entry_offerings, uniq_robin
D:5:      layout_gridville, dancing_weapons_uskayaw, marbit_many_paths,
          kennysheep_mini_moat, old_standard_altar, first_ration
D:6:      layout_basic, enter_ossuary_2, chequers_serial_rivers_micro_a
D:7:      layout_loops_cross, grunt_temple_overflow_diamond, serial_glass,
          glass_columns_a, glass_columns_b
D:8:      layout_basic
D:9:      layout_loops_ring, grunt_lair_entry_orc_guard_hut, serial_shops, shop,
          hangedman_fish_farm
Ossuary:  ossuary_zaba_flooded

Skill      XL: |  1  2  3  4  5  6  7  8  9 10 |
---------------+-------------------------------+-----
Armour         | 1 2 3 4 5 6 |  6.1
Staves         | 3 4 5 6 |  6.1
Dodging        | 3 4 5 6 |  6.7
Fighting       | 3 4 5 6 7 |  7.8
Maces & Flails | 2 3 |  3.5
Throwing       | |  1.5

Action                   |  1- 3 |  4- 6 |  7- 9 | 10-12 || total
-------------------------+-------+-------+-------+-------++-------
Melee: Quarterstaff      |   116 |   177 |   523 |    85 ||   901
       Morningstar       |       |       |   129 |       ||   129
       War axe           |       |       |       |    38 ||    38
       Dire flail        |       |       |       |    35 ||    35
 Fire: Hunting sling     |       |    15 |       |       ||    15
Throw: Throwing net      |       |     2 |     1 |       ||     3
       Tomahawk          |       |     9 |    38 |     7 ||    54
Invok: Potion Petition   |       |       |     1 |     1 ||     2
Evoke: Wand              |       |     8 |    16 |     3 ||    27
  Use: Scroll            |       |       |     3 |     9 ||    12
 Stab: Distracted        |     1 |       |     2 |       ||     3
       Sleeping          |       |       |     1 |       ||     1
Armor: Ring mail         |    35 |    45 |    10 |       ||    90
       Leather armour    |     2 |       |   149 |    39 ||   190
Dodge: Dodged            |    77 |    98 |   439 |   108 ||   722
Block: Other             |       |       |       |    16 ||    16

Table legend:
 A = Non-vault XP
 B = Vault XP
 C = Vault XP percentage of total XP
 D = Non-vault monster count
 E = Vault monster count
 F = Vault count percentage of total count
                 A         B        C        D         E       F
            +---------+---------+-------+---------+---------+-------
      Total |    6077 |    1167 |  16.1 |     185 |      52 |  21.9
            +---------+---------+-------+---------+---------+-------
        D:1 |      18 |       0 |   0.0 |       8 |       0 |   0.0
        D:2 |      59 |       2 |   3.3 |      23 |       1 |   4.2
        D:3 |     189 |      15 |   7.4 |      18 |       8 |  30.8
        D:4 |     441 |      36 |   7.5 |      27 |      12 |  30.8
        D:5 |     245 |     122 |  33.2 |       9 |       1 |  10.0
        D:6 |    1656 |       0 |   0.0 |      32 |       0 |   0.0
        D:7 |     477 |       0 |   0.0 |       9 |       0 |   0.0
        D:8 |     964 |       0 |   0.0 |      22 |       0 |   0.0
        D:9 |    2028 |     332 |  14.1 |      37 |       3 |   7.5
    Ossuary |       0 |     660 | 100.0 |       0 |      27 | 100.0
            +---------+---------+-------+---------+---------+-------
